 Dungeon Crawl Stone Soup version 0.29-a0-653-gd47aff6735 (webtiles) character file.

Game seed: 9616208316863011512

107 buhh the Bolt Thrower (level 5, -1/38 HPs)
             Began as a Formicid Hunter on June 22, 2022.
             Slain by Pargi (4 damage)
             ... in a sewer.
             The game lasted 00:04:57 (2092 turns).

buhh the Bolt Thrower (Formicid Hunter)             Turns: 2092, Time: 00:04:57

Health: -1/38      AC:  3    Str: 15    XL:     5   Next: 10%
Magic:  5/5        EV: 12    Int:  9    God:
Gold:   190        SH:  0    Dex: 19    Spells: 4/4 levels left

rFire   . . .      SeeInvis +   a - +1 hand crossbow
rCold   + . .      Faith    .   (no shield)
rNeg    . . .      Spirit   .   b - +0 leather armour
rPois   .          Reflect  .   (helmet unavailable)
rElec   .          Harm     .   (no cloak)
rCorr   .          Rampage  .   (no gloves)
Will    .....                   (no boots)
Stlth   +.........              (no amulet)
HPRegen 0.12/turn               c - ring of protection from cold
MPRegen 0.09/turn               (no ring)

@: mighty, attractive, very slow
A: permanent stasis, dig shafts and tunnels, antennae 3, four strong arms
a: Dig


You were in a sewer.
You visited 1 branch of the dungeon, and saw 6 of its levels.
You also visited: Sewer.

You collected 190 gold pieces.

Inventory:

Hand Weapons
 a - a +1 hand crossbow (weapon)
 k - the +5 dagger of Apharod {speed, rN+ Str+4}
   (You found it on level 4 of the Dungeon)

   Attacks with this weapon are significantly faster.
   Str:       It affects your strength (+4).
   rN:        It protects you from negative energy.
Armour
 b - a +0 leather armour (worn)
Jewellery
 c - a ring of protection from cold (left hand)
 e - a ring of fire
Scrolls
 g - a scroll of teleportation {unknown}
 i - a scroll of vulnerability {unknown}
 m - a scroll of enchant armour {unknown}
 n - a scroll of poison {unknown}
 o - a scroll of enchant weapon {unknown}
 p - 2 scrolls of blinking {unknown}
 T - 2 scrolls of immolation {!d}
Potions
 d - 2 potions of attraction
 f - a potion of might
 h - a potion of cancellation {unknown}
 j - a potion of flight {unknown}
 l - a potion of curing {unknown}


   Skills:
 - Level 2.1 Fighting
 + Level 6.0 Crossbows
 - Level 1.7 Dodging
 - Level 1.2 Stealth


You had 4 spell levels left.
You didn't know any spells.
Your spell library was empty.

Dungeon Overview and Level Annotations

Branches:
Dungeon (6/15) Zot: 26670   Sewer (1/1) Zot: 5848
 Temple: D:4-7

Altars:

Shops:
D:1 [

Annotations:
D:3 1 runed translucent door, Crazy Yiuf Sewer Pargi


Innate Abilities, Weirdness & Mutations

You cannot be hasted, slowed, berserked, paralysed or teleported.
You can dig through walls and to a lower floor.
You have a pair of large antennae on your head. (SInv)
Your four strong arms can wield two-handed weapons with a shield.


Message History

Aim: Pargi (moderately wounded, 61% to hit)
You shoot a bolt. The bolt hits Pargi but does no damage.
Pargi is moderately wounded.
Shoot: a) +1 hand crossbow
Press: ? - help, Q - select action, (/) - cycle Shift-Dir - straight line, f/p - Pargi
Aim: Pargi (moderately wounded, 61% to hit)
You shoot a bolt. The bolt closely misses Pargi.
Shoot: a) +1 hand crossbow
Press: ? - help, Q - select action, (/) - cycle Shift-Dir - straight line, f/p - Pargi
Aim: Pargi (lightly wounded, 61% to hit)
You shoot a bolt. The bolt hits Pargi but does no damage.
Pargi is lightly wounded.
Pargi bites you but does no damage. Pargi closely misses you. Pargi claws you.
Shoot: a) +1 hand crossbow
Press: ? - help, Q - select action, (/) - cycle Shift-Dir - straight line, f/p - Pargi
Aim: Pargi (lightly wounded, 61% to hit)
You shoot a bolt. The bolt barely misses Pargi.
Pargi barely misses you. x2; Pargi claws you.
You enter the shallow water.
Moving in this stuff is going to be slow.
Pargi bites you! Pargi claws you but does no damage. x2
Pargi bites you. Pargi claws you but does no damage. Pargi claws you.
Pargi closely misses you. Pargi claws you. x2
Pargi attacks as you move away! Pargi bites you!
* * * LOW HITPOINT WARNING * * *
Pargi claws you.
* * * LOW HITPOINT WARNING * * *
Pargi claws you.
* * * LOW HITPOINT WARNING * * *
It was a potion of attraction.
You feel attractive to monsters. Pargi barely misses you. Pargi claws you.
* * * LOW HITPOINT WARNING * * *
Pargi claws you.
* * * LOW HITPOINT WARNING * * *
It was a potion of might.
You feel very mighty all of a sudden.
f - a potion of might;
j - a fuming green potion Pargi bites you.
You die...

#≈≈≈# #≈≈≈#
##########
#..'.≈≈≈.+{
####.≈≈≈.#
####.≈≈≈.####
#[.'.≈≈≈.'.=#
####.T≈≈.####
####.@≈≈.####
#..'.≈≈≈.'..#
####.≈≈≈.####
####.≈≈≈.####
#∩....∩..'..#
####.≈≈≈.####
####.≈≈≈.####
#..'.≈≈≈.'..#
####.≈≈≈.####


You could see Pargi.

Vanquished Creatures
  A howler monkey (D:5)
  2 dart slugs
  4 endoplasms
  11 giant cockroaches
  10 goblins
  2 hobgoblins (D:1)
  6 kobolds
  6 quokkas
  3 ball pythons (D:2)
  4 bats
  4 frilled lizards
  3 rats
56 creatures vanquished.

Notes
Turn   | Place    | Note
-------+----------+-------------------------------------------
     0 | D:1      | buhh the Formicid Hunter began the quest for the Orb.
     0 | D:1      | Reached XP level 1. HP: 16/16 MP: 1/1
   206 | D:1      | Found Ytuur's Armour Shop.
   215 | D:1      | Reached XP level 2. HP: 22/22 MP: 2/2
   497 | D:1      | Reached XP level 3. HP: 27/27 MP: 3/3
   904 | D:2      | Reached skill level 5 in Crossbows
  1365 | D:2      | Reached XP level 4. HP: 33/33 MP: 4/4
  1472 | D:3      | Found a runed translucent door.
  1473 | D:3      | Noticed Crazy Yiuf
  1511 | D:3      | You fall into a shaft and drop 3 floors!
  1603 | D:5      | Entered Level 5 of the Dungeon
  1764 | D:4      | Identified the +5 dagger of Apharod {speed, rN+ Str+4}
  1904 | D:4      | Reached XP level 5. HP: 38/38 MP: 5/5
  1935 | D:4      | Reached skill level 6 in Crossbows
  1936 | D:4      | Found a glowing drain.
  1951 | Sewer    | Entered a sewer
  2063 | Sewer    | Noticed Pargi
  2092 | Sewer    | Slain by Pargi

Illustrated notes

Levels and vault maps discovered:
D:1:      eino_arrival_tree_alley, layout_basic, serial_shops, shop
D:2:      layout_rooms, lemuel_flame_loot_1
D:3:      layout_loops_cross, serial_shops, nicolae_shop_crystal,
          lightli_corner_chamber, uniq_crazy_yiuf_cottage
D:4:      layout_basic, serial_shops, nicolae_inconvenience_store,
          nicolae_shop_bloodbath_and_beyond, nicolae_shop_statue_plus,
          gup_sewer_entry_pipe
D:5:      layout_loops_ring, kennysheep_generic_room_4, uniq_duvessa,
          uniq_sigmund, uniq_edmund
D:6:      layout_basic, nicolae_concentric_dashed_squares_mild,
          minmay_tree_intersection
Sewer:    kennysheep_door_sewer

Skill      XL: |  1  2  3  4  5 |
---------------+----------------+-----
Crossbows      | 5 6 |  6.0
Fighting       | |  2.1
Dodging        | |  1.7
Stealth        | |  1.2

Action                   |  1- 3 |  4- 6 || total
-------------------------+-------+-------++-------
 Fire: Hand crossbow     |    86 |    49 ||   135
 Abil: Dig               |     1 |       ||     1
  Use: Scroll            |     2 |       ||     2
       Potion            |       |     2 ||     2
Armor: Leather armour    |     4 |     9 ||    13
Dodge: Dodged            |     9 |     9 ||    18

Table legend: (Time is in decaauts)
 A = Elapsed time spent in this place.
 B = Non-inter-level travel time spent in this place.
 C = Inter-level travel time spent in this place.
 D = Time resting spent in this place.
 E = Time spent auto-exploring this place.
 F = Levels seen in this place.
 G = Mean time per level.
                   A        B        C        D        E       F      G
               +--------+--------+--------+--------+--------+-----+--------+
         Total |   2142 |   2004 |    138 |      0 |   1548 |   7 |  306.0 |
       Dungeon |   1991 |   1853 |    138 |      0 |   1543 |   6 |  331.8 |
         Sewer |    150 |    150 |      0 |      0 |      5 |   1 |  150.0 |
               +--------+--------+--------+--------+--------+-----+--------+

Top non-repeatable levels by time:
     D:1: 913 daAuts
     D:2: 552 daAuts
     D:4: 329 daAuts
   Sewer: 150 daAuts
     D:6: 91 daAuts
     D:3: 70 daAuts
     D:5: 33 daAuts
